 Dungeon Crawl Stone Soup version 0.26.1-2-gb8aa6d0cf2 (webtiles) character file.

Game seed: 5456826710468638758

4402 H0rd4k the Spear-Bearer (level 10, -21/76 HPs)
             Began as a Human Artificer on Mar 18, 2021.
             Was an Initiate of Gozag.
             Demolished by an orc warrior
             ... wielding a +0 halberd
              (24 damage)
             ... on level 8 of the Dungeon.
             The game lasted 00:11:33 (11344 turns).

H0rd4k the Spear-Bearer (Human Artificer)          Turns: 11344, Time: 00:11:35

Health: -21/76     AC:  8    Str: 16 (18) XL:     10   Next: 61%
Magic:  10/10      EV: 13    Int: 19 (21) God:    Gozag
Gold:   1401       SH:  0    Dex: 10 (13) Spells: 9/9 levels left

rFire    + . .     SeeInvis .   F - +6 trident "Jacveg" {venom, rPois Will- Str-4 Int+9}
rCold    . . .     Faith    .   (no shield)
rNeg     . . .     Spirit   .   G - +2 leather armour {rF+}
rPois    +         Reflect  .   (no helmet)
rElec    .         Harm     .   (no cloak)
rCorr    .         Rampage  .   m - +0 pair of gloves
Will     .....                  y - +0 pair of boots
Stlth    ++........             (no amulet)
HPRegen  0.22/turn              o - ring of wizardry
MPRegen  0.12/turn              p - +6 ring of strength (curse)

@: gold aura, attractive
A: no striking features
a: Renounce Religion, Potion Petition, Call Merchant, Bribe Branch


You were on level 8 of the Dungeon.
You worshipped Gozag.
Gozag was most pleased with you.
You visited 2 branches of the dungeon, and saw 9 of its levels.
You also visited: Ossuary.

You collected 1438 gold pieces.
You paid 37 gold pieces to Gozag.

Inventory:

Hand Weapons
 F - the +6 trident "Jacveg" (weapon) {venom, rPois Will- Str-4 Int+9}
   (You found it on level 6 of the Dungeon)

   It poisons the flesh of those it strikes.
   It affects your strength (-4).
   It affects your intelligence (+9).
   It protects you from poison.
   It affects your willpower, your defense against some magical effects.
Missiles
 B - 6 poisoned darts
Armour
 m - a +0 pair of gloves (worn)
 y - a +0 pair of boots (worn)
 G - a +2 leather armour of fire resistance (worn)
 J - a +1 leather armour of willpower
Jewellery
 b - an uncursed ring of magical power
 i - an uncursed ring of willpower {unknown}
 o - a ring of wizardry (left hand)
 p - a cursed +6 ring of strength (right hand)
 H - a +4 ring of protection {unknown}
Wands
 c - a wand of flame (33) (quivered)
 d - a wand of enslavement (7)
 e - a wand of random effects (5)
 z - a wand of paralysis (3)
 I - a wand of iceblast (2)
 K - a wand of digging (8)
Scrolls
 a - 6 scrolls of teleportation {unknown}
 j - 4 scrolls of enchant armour {unknown}
 l - 15 scrolls of identify {unknown}
 n - 5 scrolls of remove curse {unknown}
 s - 2 scrolls of amnesia {unknown}
 t - 2 scrolls of immolation {unknown}
 u - a scroll of random uselessness {unknown}
 v - 5 scrolls of enchant weapon {unknown}
 w - a scroll of blinking {unknown}
 C - 3 scrolls of fear {unknown}
 E - a scroll of noise {unknown}
 M - a scroll of fog {unknown}
 N - a scroll of summoning {unknown}
Potions
 f - 2 potions of haste {unknown}
 g - a potion of degeneration
 h - a potion of brilliance {unknown}
 k - 2 potions of ambrosia {unknown}
 q - 2 potions of might
 r - a potion of heal wounds {unknown}
 x - 2 potions of cancellation {unknown}
 A - 3 potions of attraction
 D - 2 potions of curing {unknown}
 L - a potion of berserk rage {unknown}


   Skills:
 + Level 5.8 Fighting
 + Level 5.6 Short Blades
 + Level 8.7 Polearms
 + Level 5.5 Armour
 + Level 4.3 Dodging
 + Level 4.8 Stealth
 + Level 4.2 Evocations


You had 9 spell levels left.
You didn't know any spells.
Your spell library contained the following spells:

 Spells                   Type           Power        Failure   Level
 Confusing Touch          Hex            0%           28%         3
 Gell's Gravitas          Tloc           0%           28%         3
 Petrify                  Tmut/Erth      0%           65%         4
 Metabolic Englaciation   Hex/Ice        0%           92%         5
 Yara's Violent Unravell  Hex/Tmut       0%           92%         5


Dungeon Overview and Level Annotations

Branches:
Dungeon (8/15)             Temple (1/1) D:4         Ossuary (visited)
   Lair: D:8-11

Altars:
Ashenzari
Cheibriados
Dithmenos
Elyvilon
Fedhas
Gozag
Hepliaklqana
Kikubaaqudgha
Makhleb
Nemelex Xobeh
Okawaru
Qazlal
Ru
Sif Muna
Trog
Uskayaw
Vehumet
Wu Jian
Xom
Yredelemnul
Zin
The Shining One

Annotations:
D:5 exclusion: upstairs


Message History

There is an empty arch of ancient stone here.
Okay, then.
It was a potion of attraction.
You feel attractive to monsters.
The orc is no longer distracted by gold.
The orc misses you. The scorpion misses you.
The orc priest calls down the wrath of Beogh upon you.
Beogh smites you!
* * * LOW HITPOINT WARNING * * *
The orc wizard is pulled toward you! The orc warrior is pulled toward you!
The orc is pulled toward you!
Okay, then.
Unknown command.
It was a potion of degeneration.
There was something very wrong with that liquid.
You feel weakened.
You feel dopey.
You feel clumsy.
The orc becomes distracted by the nearby gold, dreaming of imaginary riches.
The orc warrior hits you with a +0 halberd!!
You die...
Your body crumbles into a pile of gold.

#.###.....# #...#..###8
........o.......#...###.###..
.####.###.#>.....o...... #...
... #.#..$.#.##.... #...#
#.#..##.#....#.# #8c8# #.
#....####o# # ##+# #
###....o..#.##..
......oos.$......
......)@oo.####.#
#.##..o)..## #.o....#
...##...# #.## #.... # #..<##
..... #.##.#


You could see an orc warrior (poisoned), a scorpion, 2 orc priests, an orc
wizard and 4 orcs.

Vanquished Creatures
  Prince Ribbit (D:8)
  Sigmund (D:5)
  A yak (D:6)
  A wraith (Ossuary)
  A wyvern (D:8)
  A water moccasin (D:8)
  3 sky beasts
  3 orc warriors
  2 ice beasts
  A black bear (D:6)
  A phantom (D:4)
  4 ogres
  4 centaurs
  2 bullfrogs (D:7)
  A wyvern zombie (D:8)
  5 scorpions
  A jelly (D:6)
  7 killer bees
  A centaur zombie (D:8)
  A bullfrog zombie (D:7)
  2 hounds
  A bullfrog skeleton (D:5)
  A gnoll shaman (D:6)
  3 orc priests
  2 iguanas
  9 orc wizards
  8 worker ants
  2 hound zombies
  A hound skeleton (D:7)
  2 mummies
  2 worker ant zombies (D:6)
  7 gnolls
  9 adders
  2 white imps (D:6)
  2 ufetubi
  2 oozes
  2 adder zombies
  3 adder skeletons
  A worm (D:3)
  A dart slug (D:3)
  6 leopard geckos
  28 orcs
  4 ball pythons (D:3)
  2 giant cockroaches
  8 goblins
  10 hobgoblins
  A jackal (D:6)
  8 kobolds
  2 quokkas
  9 bats
  3 frilled lizards
  6 gnoll skeletons (Ossuary)
  A jackal skeleton (D:5)
  2 jackal zombies
  5 kobold skeletons (Ossuary)
  A leopard gecko skeleton (D:5)
  14 orc skeletons (Ossuary)
  A quokka skeleton (D:5)
  8 rats
223 creatures vanquished.

Vanquished Creatures (collateral kills)
  3 orcs (D:4)
3 creatures vanquished.

Vanquished Creatures (others)
  A hound (D:4)
  An orc (D:4)
  9 plants (D:4)
11 creatures vanquished.

Grand Total: 237 creatures vanquished

Notes
Turn   | Place    | Note
-------+----------+-------------------------------------------
     0 | D:1      | H0rd4k the Human Artificer began the quest for the Orb.
     0 | D:1      | Reached XP level 1. HP: 15/15 MP: 1/1
   429 | D:1      | Reached XP level 2. HP: 16/21 MP: 2/2
  1074 | D:1      | Reached XP level 3. HP: 22/26 MP: 3/3
  1873 | D:2      | Reached XP level 4. HP: 22/32 MP: 4/4
  1874 | D:2      | Reached skill level 1 in Short Blades
  2139 | D:2      | Reached XP level 5. HP: 35/38 MP: 5/5
  3724 | D:4      | Found a staircase to the Ecumenical Temple.
  3735 | Temple   | Entered the Ecumenical Temple
  3918 | Temple   | Became a worshipper of Gozag Ym Sagoz the Greedy
  4341 | D:4      | Noticed an ogre
  4409 | D:5      | Entered Level 5 of the Dungeon
  4500 | D:5      | Reached XP level 6. HP: 38/44 MP: 6/6
  4714 | D:5      | Noticed Sigmund
  4731 | D:5      | Killed Sigmund
  4941 | D:5      | Reached XP level 7. HP: 50/51 MP: 7/7
  6579 | D:4      | Reached XP level 8. HP: 42/58 MP: 8/8
  7161 | D:6      | Reached skill level 5 in Short Blades
  7165 | D:6      | Noticed a yak
  7204 | D:6      | Got a jewelled trident
  7205 | D:6      | Identified the +6 trident "Jacveg" {venom, rPois Will-
                  | Str-4 Int+9} (You found it on level 6 of the Dungeon)
  7435 | D:6      | Reached skill level 1 in Polearms
  7463 | D:6      | Reached skill level 2 in Polearms
  7470 | D:5      | Found a shimmering blue altar of Sif Muna.
  7854 | D:6      | Reached skill level 5 in Armour
  7854 | D:6      | Reached XP level 9. HP: 65/65 MP: 9/9
  7873 | D:6      | Found a sacrificial altar of Ru.
  7874 | D:6      | Found a hazy altar of Hepliaklqana.
  7875 | D:6      | Found a radiant altar of Vehumet.
  7875 | D:6      | Found a basalt altar of Yredelemnul.
  7948 | D:6      | Reached skill level 3 in Polearms
  8421 | D:6      | Reached skill level 4 in Polearms
  8835 | D:6      | Reached skill level 5 in Polearms
  9749 | D:7      | Reached skill level 6 in Polearms
 10081 | D:7      | Reached skill level 5 in Fighting
 10081 | D:7      | Reached XP level 10. HP: 68/74 MP: 10/10
 10410 | D:7      | Found a burning altar of Makhleb.
 10418 | D:7      | Reached skill level 7 in Polearms
 10502 | D:7      | Found a shimmering altar of Xom.
 10576 | D:8      | Noticed Prince Ribbit
 10583 | D:8      | Killed Prince Ribbit
 10786 | D:8      | Reached skill level 8 in Polearms
 10850 | D:8      | Found a sand-covered staircase.
 10859 | Ossuary  | Entered an ossuary
 11343 | D:8      | HP: 3/76 [orc priest/divine providence (15)]
 11344 | D:8      | Demolished by an orc warrior

Illustrated notes

Levels and vault maps discovered:
D:1:      enne_arrival_octagon_isle, layout_basic, serial_forest,
          infiniplex_forest_end_1, infiniplex_forest_end_1,
          infiniplex_forest_join, infiniplex_forest_lined_room_2,
          infiniplex_forest_corner_1, infiniplex_forest_clump_long
D:2:      layout_basic
D:3:      layout_basic, saegor_snake_ambush
D:4:      corexii_shack_village, layout_cave_pods, minmay_temple_entry_mist
D:5:      minmay_evil_eye, layout_basic, nicolae_overflow_hidden_temple,
          serial_rivers, chequers_serial_rivers_micro_b,
          chequers_serial_rivers_micro_d, chequers_serial_rivers_micro_a,
          chequers_serial_rivers_marsh, chequers_serial_rivers_room_a,
          chequers_serial_rivers_room_b, kennysheep_small_square, uniq_sigmund
D:6:      minmay_clustersquares, layout_basic,
          chequers_temple_overflow_statue_of_worship
D:7:      layout_loops_ring, lightli_temple_of_fire, marbit_many_paths,
          minmay_joined_circles
D:8:      layout_rooms, enter_bailey_2, gup_ossuary_entry_pyramid,
          nrook_mini_vaults, chequers_serial_rivers_room_b, grunt_ministairs_8,
          minmay_crossroads, uniq_prince_ribbit1
Temple:   regret_index_temple_waves

Skill      XL: |  1  2  3  4  5  6  7  8  9 10 |
---------------+-------------------------------+-----
Short Blades   | 1 2 3 4 5 |  5.6
Dodging        | 2 3 4 |  4.3
Fighting       | 2 3 5 |  5.8
Armour         | 3 5 |  5.5
Evocations     | 4 |  4.2
Stealth        | 2 4 |  4.8
Polearms       | 2 6 8 |  8.7

Action                   |  1- 3 |  4- 6 |  7- 9 | 10-12 || total
-------------------------+-------+-------+-------+-------++-------
Melee: Club              |    40 |       |       |       ||    40
       Short sword       |    64 |   159 |       |       ||   223
       Rapier            |       |    25 |   182 |       ||   207
       Trident           |       |       |   205 |   179 ||   384
Evoke: Wand              |     6 |    23 |     2 |       ||    31
  Use: Potion            |       |       |       |     2 ||     2
 Stab: Sleeping          |     1 |     3 |     6 |     2 ||    12
       Distracted        |       |       |     1 |     3 ||     4
Armor: Leather armour    |    30 |    57 |    53 |    40 ||   180
       Scale mail        |       |       |    49 |       ||    49
Dodge: Dodged            |    59 |   141 |   177 |    66 ||   443
